 Dungeon Crawl Stone Soup version 0.31.0-32-g396128a36d (webtiles) character file.

Game seed: 11681574603870899925

325 BoneyBoi1234 the Ruffian (level 6, -1/59 HPs)
             Began as a Troll Shapeshifter on Mar 27, 2024.
             Was an Initiate of Trog.
             Slain by a gnoll
             ... wielding a +0 flail
              (3 damage)
             ... on level 4 of the Dungeon.
             The game lasted 00:08:10 (2369 turns).

BoneyBoi1234 the Ruffian (Troll Shapeshifter)       Turns: 2369, Time: 00:08:11

Health: -1/59      AC:  4    Str: 29 (31) XL:     6   Next: 24%
Magic:  5/5        EV: 10    Int:  4 (6)  God:    Trog [......]
Gold:   170        SH:  0    Dex: 13 (15) Spells: 5/5 levels left

rFire   . .          .
                       - Unarmed
rCold   . . .        (no shield)
rNeg    . . .        a - +0 animal skin
rPois   .            (helmet currently unavailable)
rElec   .            (cloak currently unavailable)
rCorr   .            (gloves unavailable)
SInv    .            (boots unavailable)
Will    .....        m - amulet of the acrobat
Stlth   +            g - +6 ring of strength
HPRegen 1.09/turn    r - +6 ring of dexterity
MPRegen 0.09/turn

%: acrobat
@: lethally poisoned (-1 -> -12), beast-form
A: beast (slay +2), large, unfitting armour, claws 3, regeneration 1, shaggy fur
1, tough skin 1
a: Begin Untransformation, Renounce Religion


You were on level 4 of the Dungeon.
You worshipped Trog.
Trog was noncommittal.
You were a hulking beast.
You visited 1 branch of the dungeon, and saw 4 of its levels.

You collected 170 gold pieces.

Inventory:

Armour
 a - a +0 animal skin (worn)
Jewellery
 g - a +6 ring of strength (left claw)
 m - an amulet of the acrobat (around neck)
 r - a +6 ring of dexterity (right claw)
Talismans
 c - a beast talisman
 d - a flux talisman
Wands
 o - a wand of polymorph (3)
Scrolls
 f - a scroll of fog
 h - a scroll of vulnerability
 i - a scroll of teleportation
 k - 2 scrolls of fear
Potions
 b - 2 potions of lignification
 l - a potion of resistance {unknown}
 n - 3 potions of curing {unknown}
 p - a potion of enlightenment {unknown}
 q - 2 potions of attraction {unknown}
 s - a potion of haste {unknown}
 t - a potion of heal wounds {unknown}


   Skills:
 + Level 2.5 Fighting
 + Level 3.0 Dodging
 + Level 4.3 Unarmed Combat
 + Level 4.1 Shapeshifting


You had 5 spell levels left.
You didn't know any spells.
Your spell library contained the following spells:

 Spells                   Type           Power      Damage    Failure   Level
 Magic Dart               Conj           0%         1d3       50%         1
 Blink                    Tloc           0%         N/A       65%         2
 Call Imp                 Summ           0%         N/A       65%         2
 Ensorcelled Hibernation  Hex/Ice        0%         N/A       65%         2
 Hailstorm                Conj/Ice       0%         3d5       86%         3
 Passwall                 Erth           0%         N/A       86%         3
 Summon Ice Beast         Ice/Summ       0%         N/A       86%         3
 Swiftness                Air            0%         N/A       86%         3
 Alistair's Intoxication  Alch           0%         N/A       100%        5
 Borgnjor's Vile Clutch   Necr/Erth      0%         N/A       100%        5
 Eringya's Noxious Bog    Alch           0%         4d6       100%        6
 Sculpt Simulacrum        Ice/Alch       0%         N/A       100%        6


Dungeon Overview and Level Annotations

Branches:
Dungeon (4/15)
 Temple: D:4-7

Altars:
Trog


Innate Abilities, Weirdness & Mutations

You are a hulking beast.
Your limbs bulge with bestial killing power. (Slay +2)
You are too large for most types of armour.
You have claws for hands.
Your natural rate of healing is unusually fast.
You are covered in fur. (AC +1)
You have tough skin. (AC +1)


Message History

The gnoll is severely wounded.
The gnoll barely misses you. x2; The adder bites you.
You claw the gnoll!
You kill the gnoll!
Trog accepts your kill. The adder barely misses you.
The gnoll hits you with a +1 whip of venom.
You are poisoned.
The gnoll hits you with a +0 whip.
You scratch the gnoll but do no damage.
You feel sick. The adder bites you.
The gnoll hits you with a +1 whip of venom!
You are more poisoned.
The gnoll closely misses you.
You scratch the gnoll.
The gnoll is lightly wounded.
You feel very sick. The adder bites you but does no damage.
The gnoll hits you with a +0 flail.
The gnoll hits you with a +1 whip of venom.
You are more poisoned.
The gnoll hits you but does no damage.
Okay, then.
You feel very sick. The adder completely misses you.
The gnoll attacks as it pursues you!
The gnoll hits you with a +1 whip of venom.
* * * LOW HITPOINT WARNING * * *
You are lethally poisoned!
It was a potion of magic.
Magic courses through your body.
* * * LOW HITPOINT WARNING * * *
You feel extremely sick. The adder bites you.
* * * LOW HITPOINT WARNING * * *
The gnoll closely misses you.
It was a potion of degeneration.
There was something very wrong with that liquid.
You feel weakened.
You feel dopey.
You feel clumsy.
* * * LOW HITPOINT WARNING * * *
You feel very sick. The gnoll barely misses you.
The adder bites you but does no damage. The gnoll barely misses you.
The gnoll hits you with a +0 flail.
You die...

#...........# ...
............###...
..................
.(..............#
................#
............[...#
................#
....######......#
####.....gh.....#
.....?.gSg....#
......)..#....#
........?#.###^.
.........#.. .
.........##.#
##........ .#
#........
#.......$#


You could see 3 gnolls and an adder.

Vanquished Creatures
  A phantom (D:4)
  A bombardier beetle (D:4)
  2 hounds (D:4)
  A gnoll (D:4)
  8 adders
  3 dart slugs
  2 ribbon worms
  3 endoplasms
  3 giant cockroaches
  6 goblins
  5 hobgoblins
  7 kobolds
  A quokka (D:2)
  6 ball pythons
  5 bats
  9 frilled lizards
  4 rats (D:1)
67 creatures vanquished.

Notes
Turn   | Place    | Note
-------+----------+-------------------------------------------
     0 | D:1      | BoneyBoi1234 the Troll Shapeshifter began the quest for the
                  | Orb.
     0 | D:1      | Reached XP level 1. HP: 18/18 MP: 0/0
    92 | D:1      | Reached skill level 1 in Fighting
   146 | D:1      | Reached XP level 2. HP: 20/27 MP: 1/1
   735 | D:1      | Reached XP level 3. HP: 33/33 MP: 2/2
  1144 | D:2      | Reached XP level 4. HP: 41/41 MP: 3/3
  1895 | D:3      | Found a bloodstained altar of Trog.
  2195 | D:3      | Became a worshipper of Trog the Wrathful
  2246 | D:4      | Noticed a phantom
  2256 | D:4      | Killed a phantom
  2257 | D:4      | Reached XP level 5. HP: 47/49 MP: 4/4
  2309 | D:4      | Reached XP level 6. HP: 43/59 MP: 5/5
  2369 | D:4      | HP: 2/59 [poisoned by a gnoll]
  2369 | D:4      | Slain by a gnoll

Illustrated notes

Levels and vault maps discovered:
D:1:      dpeg_arrival_stone_temple_mockup, layout_loops_corners,
          minmay_lizard_king
D:2:      layout_loops_ring, minmay_tetromino_o2
D:3:      layout_basic, trog_three_pillars_becter, hangedman_decor_growths
D:4:      layout_basic, kennysheep_mini, corexii_corridor_pit

Skill      XL: |  1  2  3  4  5  6 |
---------------+-------------------+-----
Fighting       | 1 2 |  2.5
Dodging        | 2 3 |  3.0
Unarmed Combat | 4 |  4.3
Shapeshifting  | 4 |  4.1

Action                     |  1- 3 |  4- 6 || total
---------------------------+-------+-------++-------
  Melee: Unarmed           |    81 |    74 ||   155
         Punch             |     1 |       ||     1
    Use: Scroll            |     2 |     2 ||     4
         Potion            |       |     2 ||     2
 Armour: Animal skin       |    59 |    43 ||   102
  Dodge: Dodged            |    33 |    39 ||    72
